 Dungeon Crawl Stone Soup version 0.22.0-75-g3901e79 (webtiles) character file.

662638 Malog the Executioner (level 27, -2/386 (390) HPs)
             Began as a Grey Draconian Skald on Sept 10, 2018.
             Was the Champion of the Shining One.
             Slain by an emperor scorpion (16 damage)
             ... summoned by a greater mummy
             ... on level 3 of the Tomb of the Ancients on Sept 11, 2018.
             The game lasted 09:18:27 (83671 turns).

Malog the Executioner (Grey Draconian Skald)       Turns: 83671, Time: 09:18:28

HP:   -2/386 (390)  AC: 33    Str: 22    XL:     27
MP:   9/36          EV: 25    Int: 13    God:    the Shining One [******]
Gold: 3616          SH: 30    Dex: 16    Spells: 15/44 levels left

rFire    + . .     SeeInvis +   a - +9 broad axe (holy)
rCold    + + +     Gourm    .   L - +8 large shield {AC+3}
rNeg     + + +     Faith    .   (armour unavailable)
rPois    ∞         Spirit   .   (helmet restricted)
rElec    +         Reflect  .   u - +2 cloak {MR+}
rCorr    .         Harm     .   (gloves currently unavailable)
MR       +++++     Clarity  +   (boots currently unavailable)
Stlth    ..........             E - amulet of the Four Winds {rN+ MR+++ Clar}
HPRegen  0.74/turn              n - ring of Zany {rC+++ Str+2 Int-2 SInv Stlth-}
MPRegen  0.25/turn              H - ring of protection from fire

@: lethally poisoned (-2 -> -2), statue-form, slowed, glowing, deflect missiles,
very slow
A: (walk through water), unfitting armour, fangs 1, agile 1, deterioration 1,
dopey 1, robust 2, electricity resistance, unbreathing, cold-blooded, AC +18
}: 3/15 runes: barnacled, silver, gossamer
a: End Transformation, Divine Shield, Cleansing Flame, Summon Divine Warrior,
Renounce Religion


You were on level 3 of the Tomb of the Ancients.
You worshipped the Shining One.
The Shining One was exalted by your worship.
You were not hungry.
You were a stone statue.
You visited 12 branches of the dungeon, and saw 54 of its levels.
You visited the Abyss 1 time.
You also visited: Ossuary and Ice Cave.

You collected 8132 gold pieces.
You spent 4438 gold pieces at shops.
You donated 78 gold pieces to Zin.

Inventory:

Hand Weapons
 a - a +9 broad axe of holy wrath (weapon)
 x - a +0 dagger of distortion
Missiles
 d - 8 throwing nets (quivered)
Armour
 u - a +2 cloak of magic resistance (worn)
 D - a +1 pair of gloves (melded)
 L - a +8 large shield of protection (worn)
 S - the +2 pair of boots "Etounut" (melded) {+Inv Str-3 Int+9}
   (You found it on level 3 of the Elven Halls)

   It affects your strength (-3).
   It affects your intelligence (+9).
   It lets you turn invisible.
Magical Staves
 b - an uncursed staff of wizardry
 P - an uncursed staff of energy
 W - an uncursed staff of power
Jewellery
 n - the ring of Zany (left hand) {rC+++ Str+2 Int-2 SInv Stlth-}
   (You took it off a fire giant on level 2 of the Depths)

   [ring of attention]

   It affects your strength (+2).
   It affects your intelligence (-2).
   It renders you almost immune to cold.
   It lets you see invisible.
   It makes you less stealthy.
 p - an uncursed ring of positive energy
 E - the amulet of the Four Winds (around neck) {rN+ MR+++ Clar}
   (You bought it in a shop on level 1 of the Elven Halls)

   [amulet of nothing]

   It protects you from negative energy.
   It affects your resistance to hostile enchantments.
   It protects you against confusion.
 H - a ring of protection from fire (right hand)
 M - the ring "Maqaog" {*Tele +Inv rF+++ MR- Stlth+}
   (You took it off a deep elf demonologist on level 3 of the Elven Halls)

   [ring of teleportation]

   It may teleport you next to monsters.
   It renders you almost immune to fire.
   It affects your resistance to hostile enchantments.
   It lets you turn invisible.
   It makes you more stealthy.
 Q - an uncursed ring of flight
 T - an uncursed ring of protection from cold
Wands
 l - a wand of disintegration (35)
 o - a wand of digging (21)
 A - a wand of iceblast (36)
Scrolls
 e - 19 scrolls of teleportation
 g - 34 scrolls of remove curse
 i - 6 scrolls of immolation
 q - 4 scrolls of amnesia
 s - a scroll of brand weapon
 t - 8 scrolls of fog
 B - 8 scrolls of magic mapping
 K - 36 scrolls of identify
 R - 2 scrolls of summoning
Potions
 f - 13 potions of brilliance
 j - 29 potions of curing
 k - 4 potions of invisibility
 r - 2 potions of might
 v - 5 potions of magic
 w - 8 potions of flight
 z - a potion of agility
 F - 2 potions of cancellation
 U - a potion of berserk rage
 X - a potion of ambrosia
 Z - 3 potions of resistance
Miscellaneous
 h - a lightning rod (4/4)
 C - a fan of gales
 G - a phial of floods
 J - a lamp of fire
Comestibles
 c - 52 rations


   Skills:
 - Level 21.0 Fighting
 - Level 21.0 Axes
 + Level 17.9 Dodging
 + Level 19.3 Shields
 - Level 9.0 Spellcasting
 - Level 7.0 Hexes
 - Level 11.0 Charms
 - Level 13.1 Transmutations
 - Level 9.2 Air Magic
 - Level 15.2 Earth Magic
 + Level 15.9 Invocations
 - Level 7.0 Evocations


You had 15 spell levels left.
You knew the following spells:

 Your Spells              Type           Power        Failure   Level  Hunger
a - Infusion              Chrm           ####         1%          1    None
b - Song of Slaying       Chrm           ####....     1%          2    None
c - Shroud of Golubria    Chrm/Tloc      ###.......   4%          2    None
d - Spectral Weapon       Hex/Chrm       ####....     1%          3    ##.....
e - Swiftness             Chrm/Air       ####....     1%          2    None
f - Blink                 Tloc           N/A          36%         2    None
g - Silence               Hex/Air        ####......   24%         5    #####..
h - Deflect Missiles      Chrm/Air       ####......   52%         6    #######
i - Statue Form           Tmut/Erth      #####....    12%         6    #######

Your spell library contained the following spells:

 Spells                   Type           Power        Failure   Level  Hunger
 Confusing Touch          Hex            ###...       1%          1    None
 Corona                   Hex            ###....      1%          1    None
 Sandblast                Erth           #####.       1%          1    None
 Passwall                 Tmut/Erth      #####...     1%          2    None
 Petrify                  Tmut/Erth      #####...     1%          4    ####...
 Lee's Rapid Deconstruct  Erth           #####.....   1%          5    #####..
 Slow                     Hex            ###.....     2%          2    None
 Leda's Liquefaction      Hex/Erth       ####......   2%          4    ####...
 Shock                    Conj/Air       ###.         3%          1    None
 Stone Arrow              Conj/Erth      ####..       3%          3    ##.....
 Confuse                  Hex            ###.....     4%          3    ##.....
 Tukima's Dance           Hex            ###.....     4%          3    ##.....
 Airstrike                Air            ####......   5%          4    ####...
 Poisonous Vapours        Pois/Air       ###...       6%          2    None
 Regeneration             Chrm/Necr      ###.......   8%          3    ##.....
 Ensorcelled Hibernation  Hex/Ice        ###...       9%          2    None
 Yara's Violent Unravell  Hex/Tmut       ####......   11%         5    #####..
 Static Discharge         Conj/Air       ###.....     12%         3    ##.....
 Cause Fear               Hex            ###.......   14%         4    ####...
 Ice Form                 Ice/Tmut       ###.....     17%         4    ####...
 Hydra Form               Tmut           #####.....   17%         6    #######
 Dazzling Spray           Conj/Hex       ###...       19%         3    ##.....
 Inner Flame              Hex/Fire       ###.....     19%         3    ##.....
 Portal Projectile        Hex/Tloc       ###...       19%         3    ##.....
 Summon Guardian Golem    Hex/Summ       ###.....     19%         3    ##.....
 Mephitic Cloud           Conj/Pois/Air  ##......     22%         3    ##.....
 Animate Skeleton         Necr           N/A          26%         1    None
 Apportation              Tloc           #.....       26%         1    None
 Freeze                   Ice            #...         26%         1    None
 Pain                     Necr           #...         26%         1    None
 Sting                    Conj/Pois      #...         26%         1    None
 Summon Butterflies       Summ           #.......     26%         1    None
 Summon Small Mammal      Summ           #...         26%         1    None
 Borgnjor's Vile Clutch   Necr/Erth      ####......   30%         5    #####..
 Call Imp                 Summ           #.......     36%         2    None
 Corpse Rot               Necr           N/A          36%         2    None
 Searing Ray              Conj           #.....       36%         2    None
 Sublimation of Blood     Necr           #.........   36%         2    None
 Throw Flame              Conj/Fire      #.....       36%         2    None
 Summon Lightning Spire   Summ/Air       ###.....     36%         4    ####...
 Alistair's Intoxication  Tmut/Pois      ###.....     43%         5    #####..
 Call Canine Familiar     Summ           #.......     58%         3    ##.....
 Gell's Gravitas          Tloc           #.........   58%         3    ##.....
 Lesser Beckoning         Tloc           #.........   58%         3    ##.....
 Teleport Other           Tloc           #.......     58%         3    ##.....
 Vampiric Draining        Necr           #.........   58%         3    ##.....
 Bolt of Magma            Conj/Fire/Erth ###.......   65%         5    #####..
 Lightning Bolt           Conj/Air       ###.......   71%         5    #####..
 Metabolic Englaciation   Hex/Ice        ###.......   86%         5    #####..
 Iron Shot                Conj/Erth      ####......   86%         6    #######
 Darkness                 Hex            ###.......   91%         6    #######
 Invisibility             Hex            ###.....     91%         6    #######
 Olgreb's Toxic Radiance  Pois           #.......     94%         4    ####...
 Passage of Golubria      Tloc           N/A          94%         4    ####...
 Summon Ice Beast         Ice/Summ       #.......     94%         4    ####...
 Throw Icicle             Conj/Ice       #.......     94%         4    ####...
 Conjure Ball Lightning   Conj/Air       ###.......   99%         6    #######
 Agony                    Necr           #.......     100%        5    #####..
 Fireball                 Conj/Fire      #.........   100%        5    #####..
 Summon Forest            Summ/Tloc      #.........   100%        5    #####..
 Venom Bolt               Conj/Pois      #.........   100%        5    #####..
 Bolt of Cold             Conj/Ice       #.........   100%        6    #######
 Shadow Creatures         Summ           N/A          100%        6    #######
 Simulacrum               Ice/Necr       #.........   100%        6    #######
 Haunt                    Necr/Summ      #.........   100%        7    #######
 Orb of Destruction       Conj           #.........   100%        7    #######
 Summon Hydra             Summ           #.........   100%        7    #######
 Borgnjor's Revivificati  Necr           #.........   100%        8    #######
 Death's Door             Chrm/Necr      ###.......   100%        8    #######
 Discord                  Hex            ###.......   100%        8    #######
 Infestation              Necr           #.........   100%        8    #######
 Necromutation            Tmut/Necr      ###.......   100%        8    #######
 Shatter                  Erth           #####.....   100%        9    #######
 Tornado                  Air            ####......   100%        9    #######


Dungeon Overview and Level Annotations

Branches:
Dungeon (15/15)            Temple (1/1) D:4            Lair (6/6) D:9
 Shoals (4/4) Lair:2       Spider (4/4) Lair:3        Slime (0/5) Lair:6
    Orc (2/2) D:9             Elf (3/3) Orc:2        Vaults (5/5) D:13
  Crypt (3/3) Vaults:2       Tomb (3/3) Crypt:3      Depths (5/5) D:15
    Zot (3/5) Depths:5

Altars:
Ashenzari
Cheibriados
Dithmenos
Elyvilon
Fedhas
Gozag
Hepliaklqana
Kikubaaqudgha
Makhleb
Nemelex Xobeh
Okawaru
Qazlal
Ru
Sif Muna
Trog
Uskayaw
Vehumet
Wu Jian
Xom
Yredelemnul
Zin
The Shining One

Shops:
D:4 (   D:6 ?   D:14 }   Orc:2 *[:(   Elf:1 =!}%}   Elf:3 :   Shoals:3 }
Vaults:1 :   Vaults:3 *   Vaults:4 (   Vaults:5 *   Depths:2 !   Depths:3 [
Depths:5 [

Portals:
Hell: Depths:1 Depths:2 Depths:3 Depths:4 Depths:5
Abyss: Depths:4 Depths:5
Pandemonium: Depths:2 Depths:3 Depths:5
Ziggurat: Depths:4

Annotations:
Spider:1 exclusion: Roxanne, Roxanne
Tomb:3 Khufu
Zot:1 2 transporters, Kaass's ghost, legendary GnFi


Innate Abilities, Weirdness & Mutations

((You can walk through water.))
((Your dull iron-grey scales are very hard. (AC +18)))
You cannot fit into any form of body armour.
You can survive without breathing.
You are cold-blooded and may be slowed by cold attacks.
You have very sharp teeth.
You are agile. (Dex +2)
Your body sometimes deteriorates upon taking damage.
You are dopey. (Int -2)
You are very robust. (+20% HP)
You are resistant to electric shocks. (rElec)


Message History

The golden flame engulfs the red devil.
The red devil writhes in agony!
The red devil is almost dead.
You feel somewhat more hungry.
You hear a hideous shriek!
The emperor scorpion disappears in a puff of smoke!
You block the emperor scorpion's attack.
The emperor scorpion misses you.
The emperor scorpion claws you but does no damage.
The ancient champion casts a spell at you.
The bolt of negative energy misses you.
The bolt of negative energy hits the freezing wraith.
The freezing wraith completely resists.
The greater mummy casts a spell.
You block the emperor scorpion's attack.
The emperor scorpion closely misses you.
You block the emperor scorpion's attack.
The ancient champion mumbles some strange words.
The ancient champion seems to speed up.
The red devil barely misses you. The emperor scorpion stings you!
You die... #..## #..# M. #..# Mss

#..# #8zs
#..# #sL..
#..# ##zz.M.
#.s##zzLz..s
#.s.MM.§M8..
#.3§8sM§M##
#..Wss.§..#
##..W§4§....
#........:.
##.........
###.......
#######


You could see 3 greater mummies, 10 emperor scorpions, 2 revenants, 3 ancient
champions, a mummy priest, a skeletal warrior, a soul eater, a shadow wraith
(invisible), a guardian mummy, 2 ushabtiu, a freezing wraith, a red devil, 2
flying skulls and 2 mummies.

Vanquished Creatures
  An ancient lich (Crypt:3)
  An orb of fire (Zot:2)
  25 greater mummies
  Sojobo (Tomb:1)
  Frederick (Vaults:4)
  5 golden dragons
  The ghost of Zuyghoite the Impregnable, an adept MiFi of the Shining One (Vaults:2)
  2 bone dragons (Crypt:3)
  The ghost of Ysaheo the Acrobat, an adept MfSk of Okawaru (Vaults:2)
  11 liches
  An iron giant (shapeshifter) (Depths:5)
  5 tentacled monstrosities
  3 titans (Vaults:5)
  Asterion (Elf:2)
  The ghost of Ejov the Pyromancer, an adept DEFE of Vehumet (Vaults:2)
  6 quicksilver dragons
  A deep elf master archer (Elf:3)
  9 ancient champions
  10 death cobs
  Frances (Shoals:2)
  A thorn hunter (Depths:3)
  11 sphinxes
  9 tengu reavers
  A shadow dragon (shapeshifter) (Depths:4)
  6 draconian monks
  7 shadow dragons
  Agnes (Spider:3)
  6 storm dragons
  2 revenants
  9 frost giants
  A draconian knight (Zot:1)
  2 fire giants (Depths:4)
  2 ghost moths
  6 vault wardens
  An iron dragon (Depths:2)
  5 deep elf sorcerers
  3 draconian stormcallers
  Louise (D:14)
  4 draconian scorchers
  2 curse skulls (Crypt:1)
  2 draconian shifters
  2 emperor scorpions (Spider:4)
  5 ghouls
  4 deep elf elementalists
  A reaper (Crypt:2)
  13 ironheart preservers
  4 spriggan defenders
  2 draconian annihilators (Zot:1)
  6 war gargoyles
  8 very ugly things
  13 stone giants
  An entropy weaver (Vaults:1)
  14 bennus
  Azrael (Orc:2)
  2 starcursed masses (Abyss:2)
  8 deep elf demonologists
  3 black draconians
  8 green draconians
  7 vampire knights
  5 yellow draconians
  9 deep elf annihilators
  7 white draconians
  6 red draconians
  5 purple draconians
  5 spark wasps
  5 ettins
  4 eidola
  7 merfolk impalers
  10 deep elf death magi
  A merfolk javelineer (Shoals:4)
  3 fire dragons
  A green death (Abyss:1)
  21 mummy priests
  2 deep elf high priests
  2 quicksilver dragon skeletons
  9 great orbs of eyes
  13 yaktaur captains
  7 ice dragons
  23 vault guards
  8 hydras
  A hydra (shapeshifter) (Depths:4)
  3 rakshasas
  A catoblepas (Lair:6)
  8 spriggan air magi
  An alligator snapping turtle (Shoals:2)
  A juggernaut simulacrum (Depths:4)
  3 merfolk aquamancers (Shoals:4)
  4 death knights
  11 ogre magi
  25 two-headed ogres
  8 centaur warriors
  2 deep troll shamans
  3 merfolk avatars
  4 vampire magi
  30 death scarabs
  9 deep troll earth magi
  2 orc high priests (Orc:2)
  11 death yaks
  16 dancing weapons
  5 spriggan berserkers
  20 deep elf knights
  2 tengu warriors
  A thrashing horror (Abyss:2)
  2 titan skeletons (Crypt:3)
  3 soul eaters
  A spatial maelstrom (Abyss:1)
  4 hell knights
  2 sixfirhies (Abyss:2)
  5 shadow wraiths
  11 sea snakes
  3 glowing orange brains
  4 wizards
  60 skeletal warriors
  A shadow demon (Depths:5)
  2 golden dragon zombies (Crypt:2)
  5 unseen horrors
  An iron troll (Depths:5)
  28 deep trolls
  A shadow dragon zombie (Tomb:1)
  5 flayed ghosts
  A spriggan druid (Depths:3)
  A gelid demonspawn (Depths:3)
  A golden dragon skeleton (Crypt:3)
  61 deep elf magi
  13 deep elf archers
  13 ironbrand convokers
  14 phantasmal warriors
  15 wolf spider zombies (Spider:1)
  An anaconda skeleton (Crypt:3)
  A shambling mangrove (Depths:3)
  7 orc knights
  2 orb spiders (Spider:4)
  3 orc sorcerers
  17 harpies
  An iron dragon zombie (Tomb:2)
  21 wolf spiders
  A fire giant zombie (D:15)
  21 ugly things
  7 necromancers
  A salamander (Depths:3)
  11 manticores
  4 iron dragon skeletons
  8 moths of wrath
  A worldbinder (Abyss:1)
  4 cyclopes
  A moth of wrath (shapeshifter) (Depths:2)
  2 rust devils
  An elf zombie (D:15)
  A shock serpent zombie (Crypt:2)
  4 merfolk sirens
  2 black mambas
  A guardian serpent (shapeshifter) (Vaults:1)
  7 elephants
  An ice statue (IceCv)
  4 water nymphs
  An eye of devastation (shapeshifter) (Vaults:5)
  A smoke demon (Depths:5)
  A spiny frog (shapeshifter) (Vaults:3)
  An alligator snapping turtle zombie (Crypt:2)
  A sea snake zombie (Crypt:3)
  10 vault sentinels
  2 frost giant skeletons (Crypt:3)
  7 spiny frogs
  3 komodo dragons
  A green draconian zombie (Crypt:3)
  3 centaur skeletons
  A purple draconian zombie (Crypt:3)
  2 dire elephant skeletons (Crypt:3)
  A kobold demonologist (D:14)
  5 swamp worm zombies (Crypt:3)
  A rime drake (shapeshifter) (Depths:2)
  An alligator snapping turtle skeleton (Crypt:2)
  9 redback zombies
  9 demonic crawlers
  7 freezing wraiths
  28 yaktaurs
  2 ice devils
  A catoblepas skeleton (Crypt:2)
  A pale draconian skeleton (Crypt:2)
  3 tengu conjurers
  28 guardian mummies
  A grey draconian skeleton (Crypt:3)
  A purple draconian skeleton (Crypt:2)
  15 merfolk
  15 jumping spiders
  A wolf spider simulacrum (D:15)
  6 trolls
  A hydra skeleton (Crypt:2)
  A wind drake (shapeshifter) (Depths:2)
  6 wind drakes
  9 hornets
  7 polar bears (IceCv)
  A tengu simulacrum (Vaults:2)
  An ice dragon zombie (D:15)
  5 blink frogs (Lair:6)
  6 dream sheep
  8 hippogriffs
  2 bog bodies
  8 tarantella zombies (Spider:1)
  An ettin zombie (Crypt:2)
  19 slime creatures
  5 snapping turtles
  A stone giant simulacrum (Crypt:2)
  2 fire dragon skeletons (Crypt:3)
  29 flying skulls
  3 large abominations (Abyss:2)
  An ettin skeleton (Crypt:3)
  2 shadows
  37 redbacks
  2 alligator skeletons
  An air elemental (Elf:1)
  A vampire (D:15)
  A tarantella (shapeshifter) (D:14)
  11 ushabtiu
  2 ynoxinuls
  22 tarantellas
  2 black mamba skeletons (Crypt:3)
  4 water elementals
  6 wraiths
  46 yaks
  A basilisk (Lair:2)
  2 fire elementals (Orc:2)
  A human (D:13)
  A wyvern (D:14)
  A fire bat (Abyss:2)
  A wind drake skeleton (Crypt:2)
  3 hungry ghosts
  A vampire mosquito (D:13)
  A two-headed ogre zombie (Crypt:1)
  A spatial vortex (Abyss:1)
  2 swamp worms (shapeshifter)
  Menkaure (D:5)
  Edmund (D:5)
  An acid dragon (shapeshifter) (Vaults:3)
  A two-headed ogre skeleton (Crypt:1)
  3 hell hounds (Orc:2)
  3 water moccasins
  4 acid dragons
  A porcupine (shapeshifter) (Depths:5)
  7 porcupines
  3 floating eyes
  33 orc warriors
  A black bear (shapeshifter) (Vaults:1)
  A floating eye (shapeshifter) (Vaults:5)
  2 ice beasts
  A torturous demonspawn skeleton (Crypt:1)
  A sky beast (D:14)
  An eye of draining (shapeshifter) (D:15)
  2 eyes of draining
  A phantom (D:9)
  A sky beast (shapeshifter) (Depths:5)
  2 black bears (D:13)
  47 ogres
  26 wolves
  3 necrophages
  4 boggarts
  4 small abominations
  A torpor snail zombie (Crypt:1)
  20 centaurs
  A blink frog skeleton (Crypt:2)
  A snapping turtle skeleton (Crypt:3)
  9 crocodiles
  A hog skeleton (Crypt:1)
  2 wyvern zombies
  10 bullfrogs
  2 earth elementals
  A gnoll sergeant (D:11)
  A wyvern skeleton (D:8)
  3 scorpions
  A killer bee (shapeshifter) (Vaults:5)
  26 killer bees
  A wolf zombie (Crypt:3)
  15 wights
  An electric eel (Lair:2)
  A spriggan skeleton (Crypt:3)
  3 howler monkeys
  3 crimson imps
  2 bullfrog skeletons (D:4)
  A jelly (shapeshifter) (Depths:2)
  18 orc priests
  3 hounds
  3 jellies
  30 orc wizards
  Crazy Yiuf (D:2)
  A human zombie (Ossuary)
  2 iguanas
  A black bear skeleton (Crypt:3)
  2 hell rats (Lair:3)
  9 worker ants
  A hound skeleton (D:11)
  32 mummies
  3 gnolls (D:11)
  2 worker ant zombies
  7 adders
  3 shadow imps
  An ooze (D:2)
  2 adder zombies
  An adder skeleton (D:6)
  3 worms (D:2)
  2 dart slugs
  A leopard gecko (D:1)
  73 orcs
  A ball python (D:1)
  8 giant cockroaches
  8 goblins
  7 hobgoblins
  6 jackals
  8 kobolds
  3 quokkas
  2 ball python skeletons
  4 bats
  4 frilled lizards
  A goblin zombie (Ossuary)
  6 hobgoblin zombies (Ossuary)
  A jackal zombie (Ossuary)
  5 kobold zombies
  An orc skeleton (Crypt:2)
  5 orc zombies (Ossuary)
  A quokka zombie (D:9)
  8 rats
  A rat zombie (Ossuary)
  7 briar patches (Depths:3)
  3 fungi
  7 plants
  A spectral weapon (Spider:3)
  A tentacle (Shoals:3)
  2 withered plants (D:15)
1987 creatures vanquished.

Vanquished Creatures (collateral kills)
  Margery (Depths:3)
  2 golden dragons (Vaults:5)
  A golden dragon (shapeshifter) (Depths:4)
  the Enchantress (Depths:3)
  A caustic shrike (Depths:1)
  5 tentacled monstrosities
  3 deep elf blademasters
  A titan (Depths:4)
  A quicksilver dragon (Vaults:5)
  Polyphemus (Shoals:3)
  A deep elf master archer (Elf:3)
  A thorn hunter (Depths:3)
  A kraken (Shoals:3)
  Kirke (Lair:5)
  4 shadow dragons
  4 fire giants
  3 storm dragons
  A revenant (Tomb:3)
  7 tengu reavers
  3 deep elf sorcerers (Elf:3)
  2 emperor scorpions
  3 iron dragons
  10 frost giants
  3 ghost moths
  4 vault wardens
  An orc warlord (Orc:2)
  An iron dragon (shapeshifter) (Depths:4)
  2 deep elf elementalists
  7 ironheart preservers
  A draconian shifter (Depths:5)
  A draconian stormcaller (Depths:5)
  12 very ugly things
  A spriggan defender (Depths:3)
  7 stone giants
  2 green draconians (Depths:5)
  2 entropy weavers
  A lorocyproca (Depths:4)
  A bennu (Tomb:3)
  3 deep elf demonologists
  5 ettins
  A yellow draconian (Depths:5)
  4 deep elf annihilators
  6 spark wasps
  A white draconian (Depths:5)
  3 merfolk javelineers
  2 merfolk impalers (Shoals:4)
  5 deep elf death magi
  A purple draconian (Depths:5)
  A crystal guardian (Depths:4)
  A deep elf high priest (Vaults:5)
  5 yaktaur captains
  An ice dragon (Depths:3)
  3 fire dragons
  2 rakshasas
  3 great orbs of eyes
  9 vault guards
  2 hydras
  A hell beast (Depths:3)
  A hydra (shapeshifter) (Vaults:5)
  6 spriggan air magi
  3 merfolk aquamancers (Shoals:4)
  20 two-headed ogres
  A merfolk avatar (Shoals:4)
  3 catoblepae
  2 satyrs (shapeshifter)
  5 centaur warriors
  3 death knights
  A death yak (shapeshifter) (Depths:4)
  15 dancing weapons
  A satyr (Shoals:3)
  9 ogre magi
  7 death yaks
  An orc high priest (Orc:2)
  2 tengu warriors
  A vampire mage (D:15)
  A thrashing horror (Abyss:2)
  3 deep troll shamans
  2 deep troll earth magi
  3 spriggan berserkers
  5 hell knights (Depths:3)
  9 deep elf knights
  Sonja (Orc:1)
  4 skeletal warriors
  A sixfirhy (Depths:2)
  2 shadow wraiths
  An iron troll (Depths:1)
  2 large abominations
  3 unseen horrors
  A wretched star (Abyss:1)
  A spatial maelstrom (Abyss:1)
  8 sea snakes
  10 deep trolls
  A glowing orange brain (Vaults:2)
  3 phantasmal warriors
  12 deep elf archers
  4 wizards
  A shambling mangrove (Depths:3)
  5 ironbrand convokers
  5 necromancers
  9 harpies
  3 orc sorcerers
  15 orb spiders
  5 orc knights
  15 ugly things
  16 wolf spiders
  20 deep elf magi
  2 cyclopes
  An orb spider (shapeshifter) (D:11)
  5 manticores
  A moth of wrath (Spider:4)
  5 elephants
  An elephant (shapeshifter) (Vaults:5)
  2 water nymphs (Shoals:3)
  6 vault sentinels
  A merfolk siren (Shoals:3)
  3 black mambas (Lair:5)
  7 spiny frogs
  A smoke demon (Depths:3)
  An eye of devastation (shapeshifter) (D:15)
  An orange demon (Depths:2)
  A gargoyle (D:14)
  A yaktaur (shapeshifter) (Depths:4)
  4 freezing wraiths
  2 ice devils
  2 rime drakes
  An efreet (Depths:4)
  A hellion (Depths:2)
  2 redback zombies (Spider:1)
  2 komodo dragons (Lair:3)
  30 yaktaurs
  8 demonic crawlers
  2 tengu conjurers
  2 trolls
  4 polar bears (IceCv)
  17 merfolk
  A red devil (Depths:3)
  16 jumping spiders
  2 queen bees
  5 wind drakes
  Grinder (D:6)
  10 hornets
  8 slime creatures
  6 snapping turtles
  5 hippogriffs
  3 wraiths
  2 air elementals
  A flying skull (Tomb:3)
  25 redbacks
  A ynoxinul (Abyss:2)
  2 shadows
  9 tarantellas
  A vampire (D:11)
  An ice dragon skeleton (D:15)
  10 water elementals
  A spriggan (Depths:5)
  2 wyverns
  A human (D:7)
  An ushabti (Tomb:3)
  A fire bat (shapeshifter) (Depths:2)
  3 fire elementals
  11 hogs
  A hungry ghost (D:9)
  43 yaks
  Eustachio (D:6)
  2 wargs
  3 acid dragons
  2 wargs (shapeshifter)
  2 soldier ants
  A soldier ant (shapeshifter) (Vaults:5)
  9 water moccasins
  3 porcupines
  4 spatial vortices
  2 small abominations
  A floating eye (Depths:2)
  2 black bears (D:9)
  18 orc warriors
  2 sky beasts
  An ice beast (D:15)
  13 ogres
  11 wolves
  2 phantoms
  A necrophage (D:5)
  3 boggarts
  10 centaurs
  3 starcursed masses (Abyss:2)
  8 crocodiles
  3 big kobolds
  An elf zombie (Ossuary)
  6 bullfrogs
  2 earth elementals
  A water moccasin zombie (D:6)
  3 scorpions
  30 killer bees
  5 wights
  2 howler monkeys (D:8)
  3 crimson imps
  A quasit (D:13)
  A bullfrog zombie (D:13)
  A centaur zombie (Ossuary)
  5 hounds
  A human zombie (Ossuary)
  5 orc priests
  2 centaur skeletons
  An iron imp (Abyss:2)
  17 orc wizards
  3 hell rats (Lair:3)
  2 worker ants
  2 mummies (Ossuary)
  2 adders (D:5)
  2 howler monkey skeletons
  2 adder zombies (Ossuary)
  A leopard gecko (D:7)
  21 orcs
  5 jackals
  A goblin zombie (Ossuary)
  4 hobgoblin zombies (Ossuary)
  3 kobold zombies (Ossuary)
  5 orc zombies (Ossuary)
  2 fungi
  A plant (Lair:3)
  A tentacle (Shoals:3)
955 creatures vanquished.

Vanquished Creatures (others)
  Boris (Vaults:3)
  A draconian shifter (Zot:2)
  A war gargoyle (Depths:4)
  A bennu (Tomb:1)
  A merfolk javelineer (Shoals:4)
  A vault guard (Vaults:4)
  A centaur warrior (Depths:1)
  17 death scarabs (Tomb:2)
  A two-headed ogre (Vaults:5)
  A satyr (Shoals:4)
  A skeletal warrior (Tomb:2)
  A deep elf mage (Vaults:3)
  2 cyclopes
  2 moths of wrath
  A water nymph (Shoals:4)
  A yaktaur (Depths:1)
  2 polar bears (IceCv)
  4 flying skulls (Tomb:2)
  A tarantella (Spider:1)
  2 yaks (IceCv)
  An ushabti (Tomb:3)
  3 wolves (IceCv)
  2 ogres
  3 centaurs
  A small abomination (Abyss:2)
  66 battlemagi
  8 mummies
  A ball lightning (Tomb:1)
  2 briar patches (Depths:3)
  A bush (Lair:6)
  20 fungi
  39 plants
  142 spectral weapons
  9 starspawn tentacles (Abyss:1)
  8 tentacles (Shoals:3)
349 creatures vanquished.

Grand Total: 3291 creatures vanquished

Notes
Turn   | Place    | Note
-------+----------+-------------------------------------------
     0 | D:1      | Malog the Draconian Skald began the quest for the Orb.
     0 | D:1      | Reached XP level 1. HP: 17/17 MP: 3/3
    73 | D:1      | Reached XP level 2. HP: 19/24 MP: 0/5
   313 | D:1      | Learned a level 2 spell: Song of Slaying
   316 | D:1      | Learned a level 2 spell: Shroud of Golubria
   562 | D:2      | Reached XP level 3. HP: 26/29 MP: 6/6
   882 | D:2      | Reached XP level 4. HP: 36/36 MP: 4/7
   887 | D:2      | Learned a level 3 spell: Spectral Weapon
   980 | D:2      | Found a runed door.
  1368 | D:2      | Found a glowing golden altar of the Shining One.
  2009 | D:3      | Reached XP level 5. HP: 35/41 MP: 1/9
  2580 | D:3      | Found a glowing silver altar of Zin.
  2930 | D:4      | Noticed an ogre
  3003 | D:4      | Reached XP level 6. HP: 32/48 MP: 9/11
  3246 | D:3      | Gained mutation: You are resistant to electric shocks.
                  | (rElec) [potion of mutation]
  3246 | D:3      | Gained mutation: You have supernaturally acute eyesight.
                  | (SInv) [potion of mutation]
  3246 | D:3      | Gained mutation: Your body sometimes deteriorates upon
                  | taking damage. [potion of mutation]
  3246 | D:3      | Gained mutation: You are resistant to hostile enchantments.
                  | (MR+) [potion of mutation]
  3313 | D:4      | Found a staircase to the Ecumenical Temple.
  3323 | Temple   | Entered the Ecumenical Temple
  3716 | Temple   | Became a worshipper of Hepliaklqana the Forgotten
  4024 | D:4      | Your scales start taking on a dull iron-grey colour.
  4024 | D:4      | Reached XP level 7. HP: 49/49 MP: 12/12
  4024 | D:4      | Gained mutation: You can survive without breathing. [Grey
                  | Draconian growth]
  4035 | D:4      | Found a shattered altar of Ashenzari.
  4080 | D:4      | Found Qiocracomp's Weapon Shoppe.
  4225 | D:5      | Entered Level 5 of the Dungeon
  4349 | D:5      | Found a snail-covered altar of Cheibriados.
  4361 | D:5      | Noticed Edmund
  4390 | D:5      | Killed Edmund
  4686 | D:5      | Noticed Menkaure
  4772 | D:5      | Reached * piety under Hepliaklqana
  5030 | D:6      | Found a basalt altar of Yredelemnul.
  5050 | D:6      | Noticed Grinder
  5064 | D:6      | Found Cetithi's Magic Scroll Boutique.
  5067 | D:6      | Noticed Eustachio
  5179 | D:5      | Got a warped golden ring
  5202 | D:5      | Reached skill level 5 in Axes
  5202 | D:5      | Reached skill level 5 in Charms
  5214 | D:5      | Identified the ring "Xagewn Fuko" {rPois SInv Stlth+} (You
                  | found it on level 5 of the Dungeon)
  5291 | D:7      | Reached XP level 8. HP: 53/54 MP: 11/14
  5568 | D:7      | Found a bloodstained altar of Trog.
  5585 | D:7      | Reached skill level 5 in Dodging
  5585 | D:7      | Reached skill level 5 in Spellcasting
  5783 | D:7      | Learned a level 2 spell: Swiftness
  5787 | D:7      | Learned a level 3 spell: Regeneration
  6237 | D:7      | Found a shattered altar of Ashenzari.
  6237 | D:7      | Found a faded altar of an unknown god.
  6242 | D:7      | Found a sparkling altar of Nemelex Xobeh.
  6244 | D:7      | Found a deep blue altar of Sif Muna.
  6245 | D:7      | Found a burning altar of Makhleb.
  6292 | D:7      | Reached XP level 9. HP: 58/60 MP: 7/17
  6543 | D:8      | Found a sand-covered staircase.
  6548 | Ossuary  | Entered an ossuary
  6594 | Ossuary  | Reached ** piety under Hepliaklqana
  6595 | Ossuary  | Remembered your ancestor Agathocles as a battlemage
  7194 | D:8      | Lost mutation: Your body sometimes deteriorates upon taking
                  | damage. [potion of mutation]
  7194 | D:8      | Gained mutation: Your magical capacity is low. (-10% MP)
                  | [potion of mutation]
  7194 | D:8      | Gained mutation: Your tail ends in a poisonous barb.
                  | [potion of mutation]
  7194 | D:8      | Gained mutation: Your system is resistant to poisons.
                  | (rPois) [potion of mutation]
  7479 | D:9      | Found a white marble altar of Elyvilon.
  7547 | D:9      | Reached skill level 1 in Invocations
  7583 | D:9      | Found a staircase to the Orcish Mines.
  7592 | D:9      | Reached XP level 10. HP: 67/70 MP: 14/17
  7610 | D:9      | Reached skill level 1 in Shields
  7620 | D:9      | Found a staircase to the Lair.
  8623 | D:9      | Reached skill level 5 in Fighting
  8630 | D:9      | Found a sacrificial altar of Ru.
  8952 | Lair:1   | Entered Level 1 of the Lair of Beasts
  9065 | Lair:1   | Noticed a six-headed hydra
  9269 | Lair:2   | Noticed an elephant
  9283 | Lair:2   | Killed an elephant
  9283 | Lair:2   | Reached XP level 11. HP: 64/79 MP: 12/19
  9588 | Lair:2   | Found a staircase to the Shoals.
  9877 | Lair:2   | Reached skill level 5 in Invocations
 11037 | Lair:2   | Reached skill level 5 in Shields
 11230 | Lair:3   | Noticed a four-headed hydra
 11254 | Lair:3   | Noticed a four-headed hydra
 11500 | Orc:1    | Entered Level 1 of the Orcish Mines
 11510 | D:9      | Reached XP level 12. HP: 81/87 MP: 18/21
 11653 | Orc:2    | Entered Level 2 of the Orcish Mines
 11653 | Orc:2    | Noticed Azrael
 11868 | Shoals:1 | Entered Level 1 of the Shoals
 11868 | Shoals:1 | Reached *** piety under Hepliaklqana
 12637 | D:6      | Bought a scroll of blinking for 97 gold pieces
 12637 | D:6      | Bought a scroll of teleportation for 39 gold pieces
 12759 | D:6      | Reached skill level 10 in Axes
 12765 | D:6      | Lost mutation: Your magical capacity is low. (-10% MP)
                  | [potion of mutation]
 12765 | D:6      | Lost mutation: Your tail ends in a poisonous barb. [potion
                  | of mutation]
 12765 | D:6      | Lost mutation: You are resistant to hostile enchantments.
                  | (MR+) [potion of mutation]
 12765 | D:6      | Lost mutation: Your system is resistant to poisons. (rPois)
                  | [potion of mutation]
 12765 | D:6      | Gained mutation: Your mind is acute. (Int +2) [potion of
                  | mutation]
 12765 | D:6      | Gained mutation: Your spells are a little easier to cast,
                  | but a little less powerful. [potion of mutation]
 12765 | D:6      | Gained mutation: Your system is resistant to poisons.
                  | (rPois) [potion of mutation]
 12835 | D:6      | Killed Grinder
 12969 | D:6      | Killed Eustachio
 13061 | D:5      | Killed Menkaure
 13401 | D:2      | Noticed Crazy Yiuf
 13409 | D:2      | Killed Crazy Yiuf
 13617 | D:10     | Entered Level 10 of the Dungeon
 15030 | D:4      | Bought a +0 spear of flaming for 103 gold pieces
 15564 | Lair:1   | Killed a six-headed hydra
 16236 | Lair:1   | Reached **** piety under Hepliaklqana
 16306 | Lair:3   | Killed a four-headed hydra
 16317 | Lair:3   | Reached XP level 13. HP: 56/97 MP: 13/25
 16640 | Lair:3   | Found a hole to the Spider Nest.
 18329 | Lair:4   | Reached ***** piety under Hepliaklqana
 18881 | Lair:5   | Found a frozen archway.
 18905 | IceCv    | Entered an ice cave
 19739 | IceCv    | Noticed a frost giant
 19792 | IceCv    | Killed a frost giant
 19792 | IceCv    | Reached XP level 14. HP: 67/104 MP: 9/26
 20046 | Lair:5   | Noticed Kirke
 20060 | Lair:5   | Reached skill level 15 in Axes
 20068 | Lair:5   | Killed Kirke
 20671 | Lair:6   | Entered Level 6 of the Lair of Beasts
 21409 | Lair:6   | Found a staircase to the Slime Pits.
 21469 | Lair:6   | Reached skill level 10 in Shields
 22824 | Lair:6   | Identified a scroll of acquirement
 23045 | Orc:2    | Killed Azrael
 23054 | Orc:2    | Reached XP level 15. HP: 94/110 MP: 14/27
 23504 | Orc:2    | Found a staircase to the Elven Halls.
 23716 | Orc:2    | Noticed an orc warlord
 23929 | Orc:2    | Killed an orc warlord
 23938 | Orc:2    | Noticed Sonja
 24095 | Orc:1    | Cast into level 1 of the Abyss (Sonja)
 24104 | Abyss:1  | Found a corrupted altar of Lugonu.
 24112 | Abyss:1  | Noticed a tentacled starspawn
 24302 | Abyss:1  | Noticed a tentacled starspawn
 24313 | Abyss:1  | Noticed a tentacled starspawn
 24406 | Abyss:2  | Found a corrupted altar of Lugonu.
 24769 | Abyss:2  | Paralysed by accursed screaming for 1 turns
 24938 | Orc:1    | Escaped the Abyss
 24944 | Orc:1    | Killed Sonja
 25358 | Orc:2    | Found Libb's Antique Armour Shoppe.
 25359 | Orc:2    | Found Duocofuq's Antique Weapon Emporium.
 25360 | Orc:2    | Found Luedej's General Store.
 25360 | Orc:2    | Found Elu Touvoati's Book Shoppe.
 25374 | Orc:2    | Bought a glowing large shield for 180 gold pieces
 25426 | Orc:2    | Bought a book of Enchantments for 850 gold pieces
 25590 | Spider:1 | Entered Level 1 of the Spider Nest
 25676 | Spider:1 | Reached skill level 15 in Shields
 26996 | Spider:2 | Reached XP level 16. HP: 51/117 MP: 7/28
 27407 | Spider:1 | Noticed Roxanne
 28936 | Spider:3 | Noticed Agnes
 29284 | Spider:3 | Killed Agnes
 29947 | Spider:2 | Lost mutation: Your spells are a little easier to cast, but
                  | a little less powerful. [potion of mutation]
 29947 | Spider:2 | Lost mutation: You have supernaturally acute eyesight.
                  | (SInv) [potion of mutation]
 29947 | Spider:2 | Gained mutation: Your muscles are strong. (Str +2) [potion
                  | of mutation]
 29947 | Spider:2 | Gained mutation: Your mind is very acute. (Int +4) [potion
                  | of mutation]
 29948 | Spider:2 | Lost mutation: Your mind is very acute. (Int +4) [potion of
                  | mutation]
 29948 | Spider:2 | Lost mutation: Your mind is acute. (Int +2) [potion of
                  | mutation]
 29948 | Spider:2 | Lost mutation: Your muscles are strong. (Str +2) [potion of
                  | mutation]
 29948 | Spider:2 | Gained mutation: Your mind is acute. (Int +2) [potion of
                  | mutation]
 29948 | Spider:2 | Gained mutation: You have a pair of small horns on your
                  | head. [potion of mutation]
 29949 | Spider:2 | Lost mutation: Your mind is acute. (Int +2) [potion of
                  | mutation]
 29949 | Spider:2 | Lost mutation: You have a pair of small horns on your head.
                  | [potion of mutation]
 29949 | Spider:2 | Lost mutation: You are resistant to electric shocks.
                  | (rElec) [potion of mutation]
 29949 | Spider:2 | Gained mutation: You are dopey. (Int -2) [potion of
                  | mutation]
 29949 | Spider:2 | Gained mutation: You are robust. (+10% HP) [potion of
                  | mutation]
 29949 | Spider:2 | Gained mutation: You are very dopey. (Int -4) [potion of
                  | mutation]
 29949 | Spider:2 | Gained mutation: You have very sharp teeth. [potion of
                  | mutation]
 30018 | Spider:3 | Reached skill level 10 in Fighting
 30251 | Spider:3 | Reached ****** piety under Hepliaklqana
 30474 | Spider:4 | Entered Level 4 of the Spider Nest
 31864 | Spider:3 | Lost mutation: Your system is resistant to poisons. (rPois)
                  | [potion of mutation]
 31864 | Spider:3 | Lost mutation: You are very dopey. (Int -4) [potion of
                  | mutation]
 31864 | Spider:3 | Gained mutation: You are very robust. (+20% HP) [potion of
                  | mutation]
 31864 | Spider:3 | Gained mutation: You are agile. (Dex +2) [potion of
                  | mutation]
 31864 | Spider:3 | Gained mutation: You are resistant to electric shocks.
                  | (rElec) [potion of mutation]
 32925 | Spider:4 | Reached XP level 17. HP: 143/160 MP: 12/29
 33135 | Spider:4 | Reached skill level 10 in Dodging
 33181 | Spider:4 | Got a gossamer rune of Zot
 34796 | Shoals:2 | Noticed Frances
 35312 | Shoals:2 | Killed Frances
 36007 | Shoals:3 | Found Pump's Gadget Boutique.
 37415 | Shoals:3 | Noticed a kraken
 37896 | Shoals:3 | Killed a kraken
 38263 | Shoals:4 | Entered Level 4 of the Shoals
 38283 | Shoals:4 | Noticed Polyphemus
 38314 | Shoals:3 | Killed Polyphemus
 38433 | Shoals:3 | Upgraded the game from 0.22.0-60-ga52c2fc to
                  | 0.22.0-75-g3901e79
 38612 | Shoals:4 | Got an ancient tin ring
 38625 | Shoals:3 | Identified the ring "Gaabawk" {rElec rC+ MP+9} (You took it
                  | off a merfolk siren on level 4 of the Shoals)
 38957 | Shoals:4 | Reached XP level 18. HP: 162/172 MP: 30/30
 39316 | Shoals:4 | Got a barnacled rune of Zot
 40404 | D:11     | Reached skill level 1 in Hexes
 40412 | D:11     | Reached skill level 1 in Air Magic
 40438 | D:11     | Identified the Compendium of the Frostbite
 41204 | D:11     | Found a shadowy altar of Dithmenos.
 41895 | D:12     | Found a white marble altar of Elyvilon.
 41936 | D:12     | Reached skill level 1 in Evocations
 42310 | D:13     | Found a gate to the Vaults.
 42802 | D:13     | Paralysed by a floating eye for 2 turns
 42905 | D:13     | Identified the Papyrus of Malediction
 43578 | D:14     | Reached skill level 5 in Hexes
 43632 | D:14     | Found Zaxzoxzots's Gadget Emporium.
 43641 | D:14     | Bought a wand of digging (17) for 630 gold pieces
 44144 | D:14     | Noticed Louise
 44156 | D:14     | Killed Louise
 44352 | D:14     | Learned a level 5 spell: Silence
 44356 | D:15     | Entered Level 15 of the Dungeon
 44381 | D:15     | Reached skill level 5 in Air Magic
 44396 | D:15     | Reached skill level 5 in Evocations
 44396 | D:15     | Reached XP level 19. HP: 182/182 MP: 29/31
 44408 | D:15     | Found a staircase to the Depths.
 44780 | D:15     | Found a blossoming altar of Fedhas.
 45187 | Depths:1 | Entered Level 1 of the Depths
 45697 | Depths:1 | Found a gateway to Hell.
 46311 | Depths:1 | Found a snail-covered altar of Cheibriados.
 46773 | Elf:1    | Entered Level 1 of the Elven Halls
 47074 | Elf:1    | Found Uwolaci's Distillery.
 47075 | Elf:1    | Found Qoz Kiux's Gadget Shop.
 47079 | Elf:1    | Bought a potion of curing for 42 gold pieces
 47079 | Elf:1    | Bought a potion of might for 56 gold pieces
 47079 | Elf:1    | Bought 2 potions of curing for 84 gold pieces
 47647 | Elf:1    | Found Feh Yhis's Gadget Shoppe.
 47703 | Elf:1    | Found Logeic's Food Emporium.
 47737 | Elf:1    | Found Xeneu's Jewellery Boutique.
 47740 | Elf:1    | Bought the amulet of the Four Winds {rN+ MR+++ Clar} for
                  | 702 gold pieces
 47740 | Elf:1    | Found the amulet of the Four Winds {rN+ MR+++ Clar}
 47752 | Elf:1    | Learned a level 6 spell: Deflect Missiles
 48081 | Elf:2    | Noticed Asterion
 48825 | Elf:2    | Killed Asterion
 48872 | Elf:2    | Found a deep blue altar of Sif Muna.
 48976 | Elf:2    | Found a runed gate.
 48976 | Elf:2    | Found a runed gate.
 48977 | Elf:2    | Found a runed gate.
 49465 | Elf:2    | Reached XP level 20. HP: 190/190 MP: 33/33
 49659 | Elf:2    | Reached skill level 10 in Charms
 50276 | Elf:3    | Entered Level 3 of the Elven Halls
 50555 | Elf:3    | Found Beuddure's Book Shop.
 52387 | Elf:3    | Got an encrusted double sword {chaos}
 52388 | Elf:3    | Identified the +7 double sword of Fate {chaos, Int+7} (You
                  | took it off a deep elf annihilator on level 3 of the Elven
                  | Halls)
 52390 | Elf:3    | Got a bound copper amulet
 52391 | Elf:3    | Identified the amulet "Duhih" {Gourm -Tele +Fly Dex+6
                  | Slay-4} (You took it off a deep elf annihilator on level 3
                  | of the Elven Halls)
 52403 | Elf:3    | Got a flickering tin ring
 52429 | Elf:3    | Identified the ring "Maqaog" {*Tele +Inv rF+++ MR- Stlth+}
                  | (You took it off a deep elf demonologist on level 3 of the
                  | Elven Halls)
 52481 | Elf:3    | Identified Qadunn's Grimoire of Freezing Conjuration
 52501 | Elf:3    | Got a pair of fine boots
 52502 | Elf:3    | Identified the +2 pair of boots "Etounut" {+Inv Str-3
                  | Int+9} (You found it on level 3 of the Elven Halls)
 52590 | Elf:3    | Found the +6 shillelagh "Devastator" {shatter}
 52833 | D:6      | Bought a scroll of enchant weapon for 97 gold pieces
 53182 | Depths:2 | Reached XP level 21. HP: 108/198 MP: 34/34
 54430 | Depths:2 | Found Duihin Uzunn's Distillery.
 54444 | Depths:2 | Bought a potion of heal wounds for 85 gold pieces
 54456 | Depths:2 | Noticed a caustic shrike
 54524 | Depths:2 | Paralysed by a floating eye for 3 turns
 54761 | Depths:1 | Killed a caustic shrike
 55074 | Elf:3    | Bought a book of the Earth for 910 gold pieces
 55082 | Elf:3    | Learned a level 6 spell: Statue Form
 55420 | Depths:2 | Reached skill level 1 in Transmutations
 55420 | Depths:2 | Reached skill level 1 in Earth Magic
 55680 | Depths:2 | Reached skill level 5 in Earth Magic
 55745 | Depths:2 | Paralysed by a floating eye for 4 turns
 55756 | Depths:2 | Paralysed by a floating eye for 3 turns
 55757 | Depths:2 | Reached skill level 5 in Transmutations
 56216 | Depths:2 | Found a runed door.
 56831 | Depths:2 | Got a vibrating lapis lazuli ring
 56832 | Depths:2 | Identified the ring of Zany {rC+++ Str+2 Int-2 SInv Stlth-}
                  | (You took it off a fire giant on level 2 of the Depths)
 56901 | Depths:2 | Got a translucent triple sword
 56902 | Depths:2 | Identified the +1 triple sword of Undoing {flame, *Slow
                  | Int+3 Dex+7 Stlth+} (You found it on level 2 of the Depths)
 57295 | Depths:2 | Found a one-way gate leading to the halls of Pandemonium.
 57403 | Depths:3 | Found Cuzoaps's Antique Armour Emporium.
 57582 | Depths:3 | Noticed Margery
 57593 | Depths:3 | Killed Margery
 57597 | Depths:3 | Reached XP level 22. HP: 206/206 MP: 31/35
 58298 | Depths:3 | Reached skill level 10 in Earth Magic
 58652 | Depths:3 | Found a radiant altar of Vehumet.
 58653 | Depths:3 | Noticed the Enchantress
 58681 | Depths:3 | Killed the Enchantress
 60241 | Depths:4 | Reached skill level 10 in Transmutations
 60619 | Depths:4 | Noticed a caustic shrike
 60625 | Depths:4 | Noticed a golden dragon
 60625 | Depths:4 | a caustic shrike changed into a golden dragon
 60627 | Depths:4 | Killed a golden dragon
 60774 | Depths:4 | Found a one-way gate to the infinite horrors of the Abyss.
 61303 | Depths:4 | Found a gateway to a ziggurat.
 61380 | Depths:5 | Entered Level 5 of the Depths
 61381 | Depths:5 | Noticed a caustic shrike
 61489 | Depths:5 | Found Punappih's Antique Armour Shop.
 61724 | Depths:5 | Found a gate to the Realm of Zot.
 61724 | Depths:5 | Noticed a golden dragon
 61729 | Depths:5 | Killed a golden dragon
 61732 | Depths:5 | Reached XP level 23. HP: 213/213 MP: 27/36
 61916 | Depths:5 | Noticed a caustic shrike
 61920 | Depths:5 | a caustic shrike changed into an iron giant
 62178 | Depths:5 | Reached skill level 15 in Earth Magic
 62584 | Vaults:1 | Entered Level 1 of the Vaults
 62619 | Vaults:1 | Found Malemodo's Book Emporium.
 63845 | Vaults:2 | Found a runed gate.
 63845 | Vaults:2 | Found a runed gate.
 63845 | Vaults:2 | Found a runed gate.
 64170 | Vaults:2 | Reached skill level 15 in Fighting
 64240 | Vaults:2 | Found a staircase to the Crypt.
 64857 | Vaults:2 | Noticed Ysaheo's ghost (adept MfSk)
 64857 | Vaults:2 | Noticed Ejov's ghost (adept DEFE)
 64857 | Vaults:2 | Noticed Zuyghoite's ghost (adept MiFi)
 64892 | Vaults:2 | Killed Ysaheo's ghost
 64893 | Vaults:2 | Killed Ejov's ghost
 64907 | Vaults:2 | Killed Zuyghoite's ghost
 64907 | Vaults:2 | Reached XP level 24. HP: 167/227 MP: 25/36
 64915 | Vaults:2 | Identified the Disquisition on Attacks
 65872 | Vaults:3 | Noticed Boris
 65883 | Vaults:3 | Killed Boris
 65920 | Vaults:3 | Found Lulepic's Assorted Antiques.
 65928 | Vaults:3 | Bought a scroll of blinking for 270 gold pieces
 65928 | Vaults:3 | Bought a scroll of enchant weapon for 270 gold pieces
 66457 | Vaults:4 | Found Muqic's Antique Weapon Shop.
 66802 | Vaults:4 | Gained mutation: Your body sometimes deteriorates upon
                  | taking damage. [a shining eye]
 67400 | Vaults:5 | Entered Level 5 of the Vaults
 67402 | Vaults:5 | Noticed Frederick
 67408 | Vaults:5 | Reached skill level 15 in Dodging
 67420 | Vaults:4 | Killed Frederick
 67865 | Vaults:5 | Reached XP level 25. HP: 244/244 MP: 36/36
 68134 | Vaults:5 | Got a silver rune of Zot
 68673 | Vaults:5 | Reached skill level 10 in Invocations
 69095 | Vaults:5 | Found Biuso's Assorted Antiques.
 69103 | Vaults:5 | Bought a green potion for 23 gold pieces
 69103 | Vaults:5 | Reached XP level 26. HP: 260/260 MP: 34/36
 69847 | Vaults:5 | Reached XP level 27. HP: 268/268 MP: 32/36
 69967 | Vaults:5 | Got a scorched golden ring
 69968 | Vaults:5 | Identified the ring of Rullahea {rPois MP-9 Int+6} (You
                  | took it off a vault guard on level 5 of the Vaults)
 71034 | D:2      | Fell from the grace of Hepliaklqana
 71034 | D:2      | Became a worshipper of the Shining One
 71510 | Crypt:1  | Entered Level 1 of the Crypt
 71603 | Crypt:1  | Reached * piety under the Shining One
 71866 | Crypt:1  | Reached ** piety under the Shining One
 72165 | Crypt:1  | Reached *** piety under the Shining One
 72415 | Crypt:2  | Reached **** piety under the Shining One
 72579 | Crypt:2  | Found an ancient bone altar of Kikubaaqudgha.
 72663 | Crypt:2  | Reached ***** piety under the Shining One
 73006 | Crypt:3  | Entered Level 3 of the Crypt
 73126 | Crypt:3  | Found a staircase to the Tomb.
 73197 | Crypt:3  | Reached ****** piety under the Shining One
 73206 | Crypt:3  | Identified a +9 broad axe of holy wrath (a +8 broad axe of
                  | freezing blessed by the Shining One)
 73206 | Crypt:3  | Received a gift from the Shining One
 73842 | D:3      | Fell from the grace of the Shining One
 73842 | D:3      | Became a worshipper of Zin the Law-Giver
 73842 | D:3      | Reached * piety under Zin
 73842 | D:3      | Reached ** piety under Zin
 73842 | D:3      | Reached *** piety under Zin
 73842 | D:3      | Reached **** piety under Zin
 73842 | D:3      | Reached ***** piety under Zin
 74620 | D:12     | Fell from the grace of Zin
 74620 | D:12     | Became a worshipper of Elyvilon the Healer
 74620 | D:12     | Reached * piety under Elyvilon
 74620 | D:12     | Reached ** piety under Elyvilon
 75056 | Crypt:3  | Found an ancient bone altar of Kikubaaqudgha.
 75097 | Crypt:3  | Noticed an ancient lich
 75123 | Crypt:3  | Killed an ancient lich
 75139 | Crypt:3  | Got an ancient silver ring
 75139 | Crypt:3  | Got a scorched pewter ring
 75139 | Crypt:3  | Got a translucent iron ring
 75140 | Crypt:3  | Identified the ring "Gohic" {rElec rN+ MR+ Str+4 Dex-5}
                  | (You found it on level 3 of the Crypt)
 75141 | Crypt:3  | Identified the ring "Ysyot" {rPois rN+} (You found it on
                  | level 3 of the Crypt)
 75142 | Crypt:3  | Identified the ring "Desoeff" {rN+ MR+} (You found it on
                  | level 3 of the Crypt)
 75154 | Crypt:3  | Identified the Papyrus of Dark Rituals
 75356 | Crypt:3  | Learned a level 2 spell: Blink
 75759 | Tomb:1   | Entered Level 1 of the Tomb of the Ancients
 75808 | Tomb:1   | Noticed Sojobo
 75826 | Tomb:1   | Killed Sojobo
 75847 | Tomb:1   | Reached *** piety under Elyvilon
 76691 | Zot:1    | Entered Level 1 of the Realm of Zot
 77154 | Zot:1    | Found a transporter.
 77162 | Zot:1    | Noticed Kaass's ghost (legendary GnFi)
 77166 | Zot:1    | Noticed an orb of fire
 77329 | Zot:1    | Found a transporter.
 78605 | Zot:2    | Noticed an orb of fire
 78620 | Zot:2    | Killed an orb of fire
 80320 | D:2      | Fell from the grace of Elyvilon
 80320 | D:2      | Became a worshipper of the Shining One
 81158 | Tomb:1   | Noticed a greater mummy
 81182 | Tomb:1   | Killed a greater mummy
 81958 | Tomb:2   | Noticed a greater mummy
 81960 | Tomb:2   | Noticed a greater mummy
 81960 | Tomb:2   | Noticed a greater mummy
 81963 | Tomb:2   | Noticed a greater mummy
 81966 | Tomb:2   | Was forgiven by Hepliaklqana
 81968 | Tomb:2   | Killed a greater mummy
 81973 | Tomb:2   | HP: 16/383 [emperor scorpion[a greater mummy] (6)]
 81974 | Tomb:2   | Killed a greater mummy
 81974 | Tomb:2   | Killed a greater mummy
 81975 | Tomb:2   | Killed a greater mummy
 82617 | Tomb:1   | Noticed a greater mummy
 82619 | Tomb:1   | Noticed a greater mummy
 82622 | Tomb:1   | Killed a greater mummy
 82626 | Tomb:1   | Killed a greater mummy
 82680 | Tomb:1   | Noticed a greater mummy
 82688 | Tomb:1   | Killed a greater mummy
 82701 | Tomb:1   | Noticed a greater mummy
 82709 | Tomb:1   | Noticed a greater mummy
 82713 | Tomb:1   | Noticed a greater mummy
 82716 | Tomb:1   | Killed a greater mummy
 82721 | Tomb:1   | Killed a greater mummy
 82727 | Tomb:1   | Killed a greater mummy
 82729 | Tomb:1   | Noticed a greater mummy
 82741 | Tomb:1   | Killed a greater mummy
 82962 | Tomb:1   | Noticed a greater mummy
 82981 | Tomb:1   | Killed a greater mummy
 83056 | Tomb:1   | Noticed a greater mummy
 83062 | Tomb:1   | Killed a greater mummy
 83095 | Tomb:1   | Noticed a greater mummy
 83098 | Tomb:1   | Noticed a greater mummy
 83099 | Tomb:1   | Noticed a greater mummy
 83101 | Tomb:1   | Killed a greater mummy
 83113 | Tomb:1   | Killed a greater mummy
 83121 | Tomb:1   | Killed a greater mummy
 83217 | Tomb:1   | Noticed a greater mummy
 83227 | Tomb:1   | Killed a greater mummy
 83394 | Tomb:1   | Noticed a greater mummy
 83406 | Tomb:1   | Killed a greater mummy
 83406 | Tomb:1   | Reached skill level 15 in Invocations
 83577 | Tomb:3   | Entered Level 3 of the Tomb of the Ancients
 83593 | Tomb:3   | Noticed a greater mummy
 83597 | Tomb:3   | Noticed Khufu
 83609 | Tomb:3   | Noticed a greater mummy
 83630 | Tomb:3   | Noticed a greater mummy
 83635 | Tomb:3   | Noticed a greater mummy
 83638 | Tomb:3   | Noticed a greater mummy
 83640 | Tomb:3   | Noticed a greater mummy
 83641 | Tomb:3   | Killed a greater mummy
 83645 | Tomb:3   | Killed a greater mummy
 83657 | Tomb:3   | Noticed a greater mummy
 83657 | Tomb:3   | Killed a greater mummy
 83659 | Tomb:3   | Noticed a greater mummy
 83659 | Tomb:3   | Noticed a greater mummy
 83661 | Tomb:3   | Killed a greater mummy
 83666 | Tomb:3   | Killed a greater mummy
 83669 | Tomb:3   | HP: 18/386 [golden dragon zombie[a greater mummy] (14)]
 83670 | Tomb:3   | Noticed a greater mummy
 83671 | Tomb:3   | Killed a greater mummy
 83671 | Tomb:3   | Slain by an emperor scorpion

Skill      XL: |  1  2  3  4  5  6  7  8  9 10 11 12 13 14 15 16 17 18 19 20 21 22 23 24 25 26 27 |
---------------+----------------------------------------------------------------------------------+-----
Charms         | 3 4 5 6 7 8 9 11 | 11.0
Axes           | 3 4 5 6 7 8 9 11 14 15 16 17 18 19 21 | 21.0
Dodging        | 3 4 5 6 7 8 9 11 14 15 16 17 | 17.9
Spellcasting   | 3 4 5 6 7 8 9 |  9.0
Fighting       | 3 5 6 8 11 13 15 17 19 21 | 21.0
Invocations    | 1 4 5 6 8 11 15 | 15.9
Shields        | 3 5 7 12 16 17 18 19 | 19.3
Hexes          | 5 7 |  7.0
Air Magic      | 5 7 9 |  9.2
Evocations     | 5 7 |  7.0
Transmutations | 7 12 13 | 13.1
Earth Magic    | 9 14 15 | 15.2

Action                   |  1- 3 |  4- 6 |  7- 9 | 10-12 | 13-15 | 16-18 | 19-21 | 22-24 | 25-27 || total
-------------------------+-------+-------+-------+-------+-------+-------+-------+-------+-------++-------
Melee: Hand axe          |   103 |   185 |   380 |   979 |     8 |       |       |       |       ||  1655
       Tailslap          |     5 |    23 |    49 |   114 |   190 |   261 |   177 |   214 |   320 ||  1353
       Spear             |       |       |       |     8 |    33 |       |       |       |       ||    41
       War axe           |       |       |       |       |  1215 |  1578 |   791 |       |       ||  3584
       Bite              |       |       |       |       |       |   160 |   166 |   146 |   272 ||   744
       Broad axe         |       |       |       |       |       |       |   366 |  1096 |  1689 ||  3151
       Staff             |       |       |       |       |       |       |       |     1 |     1 ||     2
 Cast: Infusion          |     7 |    14 |    11 |     2 |       |       |     1 |       |     3 ||    38
       Shroud of Golubri |     2 |     5 |     8 |    37 |    63 |    52 |    29 |    31 |    10 ||   237
       Spectral Weapon   |       |     2 |    14 |    47 |    81 |   104 |    60 |    38 |    23 ||   369
       Song of Slaying   |       |       |     1 |     3 |     2 |       |     3 |     3 |       ||    12
       Regeneration      |       |       |     5 |    59 |   121 |   146 |   126 |    76 |    10 ||   543
       Silence           |       |       |       |       |       |       |    14 |     1 |       ||    15
       Deflect Missiles  |       |       |       |       |       |       |    10 |     8 |     7 ||    25
       Statue Form       |       |       |       |       |       |       |       |    55 |    98 ||   153
       Blink             |       |       |       |       |       |       |       |       |     8 ||     8
Invok: Ancestor Identity |       |     2 |     2 |       |       |       |       |       |       ||     4
       Recall Ancestor   |       |       |     3 |       |     5 |     4 |     4 |     4 |       ||    20
       Ancestor Life: Ba |       |       |     1 |       |       |       |       |       |       ||     1
       Transference      |       |       |       |     1 |     1 |       |       |     2 |       ||     4
       Idealise          |       |       |       |       |     4 |     8 |     7 |     8 |     1 ||    28
       Cleansing Flame   |       |       |       |       |       |       |       |       |    27 ||    27
       Heal Other        |       |       |       |       |       |       |       |       |     9 ||     9
       Divine Shield     |       |       |       |       |       |       |       |       |     5 ||     5
       Lesser Healing    |       |       |       |       |       |       |       |       |     4 ||     4
       Summon Divine War |       |       |       |       |       |       |       |       |     2 ||     2
       Recite            |       |       |       |       |       |       |       |       |     1 ||     1
       Brand Weapon With |       |       |       |       |       |       |       |       |     1 ||     1
       Purification      |       |       |       |       |       |       |       |       |     1 ||     1
 Abil: End Transformatio |       |       |       |       |       |       |       |       |     2 ||     2
Evoke: Wand              |       |       |       |     5 |     4 |    13 |     6 |       |     3 ||    31
       Fan of gales      |       |       |       |       |     2 |       |       |       |       ||     2
       Phial of floods   |       |       |       |       |       |     1 |     3 |       |       ||     4
       Lamp of fire      |       |       |       |       |       |       |     4 |     1 |     2 ||     7
       Box of beasts     |       |       |       |       |       |       |     1 |       |       ||     1
       Phantom mirror    |       |       |       |       |       |       |       |       |     1 ||     1
  Use: Potion            |       |    10 |     6 |     3 |     7 |    11 |    12 |     4 |    17 ||    70
       Scroll            |       |     7 |    10 |     7 |    21 |    17 |    22 |    15 |    19 ||   118
 Stab: Sleeping          |     1 |       |     1 |     2 |     5 |    14 |     8 |       |       ||    31
       Distracted        |       |       |     6 |    18 |    21 |    35 |    36 |    29 |     8 ||   153
       Confused          |       |       |       |       |       |       |       |       |     1 ||     1
  Eat: Chunk             |       |     8 |     7 |    27 |    15 |    50 |    22 |    52 |    17 ||   198
       Ration            |       |     1 |     2 |     5 |     8 |     8 |    11 |     6 |    29 ||    70
Armor: Skin              |    35 |    60 |   134 |   411 |   361 |   363 |   167 |   346 |   709 ||  2586
Dodge: Dodged            |    69 |   153 |   253 |   913 |   731 |   886 |   419 |   544 |  1338 ||  5306
       Deflected         |       |       |       |       |       |       |    51 |    49 |    21 ||   121
Block: Buckler           |       |       |     3 |   408 |   194 |       |       |       |       ||   605
       Shield            |       |       |       |       |   584 |  1176 |   542 |       |       ||  2302
       Large shield      |       |       |       |       |       |   375 |   304 |  1265 |  2944 ||  4888
       Reflection        |       |       |       |       |       |    47 |    48 |       |       ||    95
